 Dungeon Crawl Stone Soup version 0.28.0 (webtiles) character file.

Game seed: 16426419342733703347

5379 issech the Cruncher (level 10, -7/88 HPs)
             Began as a Troll Monk on Feb 9, 2022.
             Was a High Priest of Hepliaklqana.
             Shot with a bolt by an orc warrior (9 damage)
             ... in a bailey.
             The game lasted 00:34:27 (8233 turns).

issech the Cruncher (Troll Monk)                    Turns: 8233, Time: 00:34:28

Health: -7/88      AC:  9    Str: 21    XL:     10   Next: 39%
Magic:  27/27      EV: 12    Int:  6    God:    Hepliaklqana [*****.]
Gold:   489        SH:  0    Dex: 16    Spells: 9/9 levels left

rFire   . . .      SeeInvis .   f - +2 quarterstaff (spect)
rCold   . . .      Faith    .   (shield currently unavailable)
rNeg    + . .      Spirit   .   e - +5 robe "Anuxetox" {rN+}
rPois   .          Reflect  .   (helmet restricted)
rElec   .          Harm     .   (no cloak)
rCorr   .          Rampage  .   (gloves unavailable)
Will    .....                   (boots unavailable)
Stlth   +++.......              (no amulet)
HPRegen 1.04/turn               j - ring of magical power
MPRegen 0.20/turn               K - ring of magical power

@: no status effects
A: reduced essence, large, unfitting armour, claws 3, regeneration 1, shaggy fur
1, tough skin 1
a: Renounce Religion, Recall Ancestor, Ancestor Identity, Transference, Idealise


You were in a bailey.
You worshipped Hepliaklqana.
Hepliaklqana was extremely pleased with you.
You visited 2 branches of the dungeon, and saw 10 of its levels.
You also visited: Bailey.

You collected 489 gold pieces.

Inventory:

Hand Weapons
 a - a +0 mace
 f - a +2 spectral quarterstaff (weapon)
 h - a +0 dagger of protection
 n - a +2 dagger of venom
 r - a +0 dagger of venom
 t - a +0 hunting sling
 G - the +3 spear "Toruff" {pain, Str+3 Dex+7}
   (You found it on level 5 of the Dungeon)

   In the hands of one skilled in necromantic magic, it inflicts extra damage on
   living creatures.
   Str:       It affects your strength (+3).
   Dex:       It affects your dexterity (+7).
 J - a +1 antimagic dagger
 L - a +1 short sword of venom
 N - a +0 vorpal hand axe
 S - a +0 dire flail
 V - a +0 arbalest
Missiles
 c - 233 stones (quivered)
 d - 141 bolts
 m - 38 poisoned darts
 w - 45 arrows
 y - 6 boomerangs
 A - 106 sling bullets
 M - 4 boomerangs of dispersal
Armour
 b - a +0 robe
 e - the +5 robe "Anuxetox" (worn) {rN+}
   (You found it on level 3 of the Dungeon)

   rN:        It protects you from negative energy.
 B - an orb of guile
Jewellery
 j - a ring of magical power (left claw)
 K - a ring of magical power (right claw)
Wands
 C - a wand of paralysis (10)
 H - a wand of mindburst (34)
 P - a wand of digging (6)
 Q - a wand of iceblast (17)
 T - a wand of acid (8)
Scrolls
 i - 3 scrolls of immolation
 o - a scroll of blinking
 q - a scroll of magic mapping
 u - 3 scrolls of identify
 v - 2 scrolls of teleportation
 z - a scroll of fog
Potions
 g - 2 potions of resistance {unknown}
 k - 4 potions of ambrosia {unknown}
 l - 3 potions of heal wounds {unknown}
 p - 2 potions of curing {unknown}
 s - 3 potions of attraction {unknown}
 x - 2 potions of brilliance {unknown}
 D - 2 potions of degeneration {unknown}
 E - 2 potions of might {unknown}
 F - 2 potions of lignification {unknown}
 I - 2 potions of cancellation {unknown}
 O - a potion of mutation {unknown}
 R - a potion of invisibility {unknown}
 U - a potion of magic {unknown}


   Skills:
 + Level 6.2 Fighting
 + Level 3.2(7.1) Maces & Flails
 + Level 9.1(9.3) Staves
 + Level 5.8 Dodging
 + Level 3.7 Stealth


You had 9 spell levels left.
You didn't know any spells.
Your spell library contained the following spells:

 Spells                   Type           Power      Damage    Failure   Level
 Slow                     Hex            0%         N/A       45%         1
 Sting                    Tmut/Pois      0%         1d3       45%         1
 Corpse Rot               Necr/Air       0%         N/A       58%         2
 Poisonous Vapours        Pois/Air       0%         N/A       58%         2
 Confusing Touch          Hex            0%         N/A       83%         3
 Summon Guardian Golem    Hex/Summ       0%         N/A       83%         3
 Vampiric Draining        Necr           0%         2d6       83%         3
 Olgreb's Toxic Radiance  Pois           0%         N/A       99%         4
 Conjure Ball Lightning   Conj/Air       0%         3x3d6     100%        6
 Orb of Destruction       Conj           0%         9d5       100%        7
 Spellforged Servitor     Conj/Summ      0%         N/A       100%        7
 Discord                  Hex            0%         N/A       100%        8
 Disjunction              Tloc           0%         N/A       100%        8


Dungeon Overview and Level Annotations

Branches:
Dungeon (9/15)             Temple (1/1) D:5          Bailey (1/1)
   Lair: D:8-11         Orc: D:9-12

Altars:
Ashenzari
Cheibriados
Dithmenos
Elyvilon
Fedhas
Gozag
Hepliaklqana
Kikubaaqudgha
Makhleb
Nemelex Xobeh
Okawaru
Qazlal
Sif Muna
Trog
Uskayaw
Vehumet
Wu Jian
Xom
Yredelemnul
Zin
The Shining One

Shops:
D:1 (   D:6 (:


Innate Abilities, Weirdness & Mutations

Your life essence is reduced to manifest your ancestor. (-10% HP)
You are too large for most types of armour.
You have claws for hands.
Your natural rate of healing is unusually fast.
You are covered in fur. (AC +1)
You have tough skin. (AC +1)


Message History

Things that are here:
a +0 arbalest; a +0 ring mail
d - 141 bolts (gained 13)
Things that are here:
a +0 arbalest; a +0 ring mail; an orc corpse An orc comes into view.
It is wielding a +0 arbalest.
Found a gate leading back out of this place.
An orc and an orc warrior come into view.
The orc shouts! x2; You hear a shout!
An orc comes into view. It is wielding a +0 arbalest.
You hear a shout!
An orc warrior comes into view. It is wielding a +0 arbalest.
The orc shoots a bolt.
The bolt hits you!
You can now drain nearby creatures when transferring your ancestor.
The orc warrior shoots a bolt.
The bolt closely misses you.
You hear a shout!
The orc warrior shoots a bolt.
The bolt closely misses you.
The orc warrior shoots a bolt.
The bolt misses you.
The orc warrior shoots a bolt.
The bolt barely misses you.
Found a gate leading back out of this place.
The orc warrior shoots a bolt.
The bolt barely misses you.
You swap places.
The orc warrior shoots a bolt.
The bolt hits you.
The orc shoots a bolt.
The bolt closely misses you.
The orc shoots a bolt.
The bolt hits you.
The orc warrior shoots a bolt.
The bolt hits you!
The orc warrior shoots a bolt.
The bolt hits you!
The orc shoots a bolt.
The bolt hits you!
The orc warrior shoots a bolt.
The bolt hits you.
The orc warrior shoots a bolt.
The bolt hits you but does no damage.
The orc warrior shoots a bolt.
The bolt hits you!
The orc shoots a bolt.
The bolt hits you!
* * * LOW HITPOINT WARNING * * *
The orc warrior shoots a bolt.
The bolt hits you!
* * * LOW HITPOINT WARNING * * *
Unknown command.
As you read the scroll of fog, it crumbles to dust.
The scroll dissolves into smoke.
The orc warrior shoots a bolt.
The bolt misses you.
The orc shoots a bolt.
The bolt hits you.
* * * LOW HITPOINT WARNING * * *
The orc warrior shoots a bolt.
The bolt hits you!
You die...

o. .....## ....
#......≈≈.≈≈≈...## ....≈
#.....≈ #.##≈....#######....≈
#.....≈##.o#≈...............≈
#.....≈ ..ooo................
#.....≈##.##≈...............≈
#.....≈≈###≈≈o..............≈
#......≈≈≈§§§o§..............
#..........R@§...............
#.........§§§§...............
#............................
#∩...........................
#############################


You could see the friendly Aula the battlemage, 2 orc warriors and 2 orcs.

Vanquished Creatures
  A deep elf pyromancer (D:9)
  A troll (D:8)
  A wyvern (D:9)
  An acid dragon (D:9)
  6 orc warriors
  An ice beast (D:6)
  A sky beast (D:5)
  2 black bears
  A necrophage (D:4)
  An ogre (D:6)
  A phantom (D:5)
  2 scorpions (D:7)
  A wyvern skeleton (D:5)
  5 killer bees (D:7)
  A bullfrog zombie (D:5)
  2 centaur skeletons
  2 bullfrog skeletons
  7 orc priests
  3 hounds
  2 jellies
  4 iguanas
  5 orc wizards
  Terence (D:2)
  A hound zombie (D:5)
  2 hound skeletons (D:4)
  Robin (D:2)
  A howler monkey zombie (D:9)
  5 adders
  A white imp (D:7)
  A worm (D:3)
  A dart slug (D:3)
  26 orcs
  3 endoplasms
  A giant cockroach (D:3)
  19 goblins
  7 hobgoblins
  3 quokkas
  3 ball pythons
  2 bats
  2 frilled lizards
  9 kobolds
  4 rats
144 creatures vanquished.

Vanquished Creatures (collateral kills)
  2 hornets
  A wyvern (D:6)
  A water moccasin (D:7)
  A sky beast (D:5)
  3 orc warriors
  A necrophage (D:6)
  A kobold brigand (D:6)
  2 bullfrogs
  4 killer bees (D:7)
  2 howler monkeys (D:6)
  A centaur zombie (D:6)
  2 bullfrog zombies
  A hound (D:6)
  5 orc priests
  A centaur skeleton (D:7)
  4 orc wizards
  2 adders
  A shadow imp (D:8)
  An ufetubus (D:6)
  10 orcs
  2 goblins (D:9)
  4 kobolds (D:6)
52 creatures vanquished.

Vanquished Creatures (others)
  2 battlemagi (D:6)
  17 plants
19 creatures vanquished.

Grand Total: 215 creatures vanquished

Notes
Turn   | Place    | Note
-------+----------+-------------------------------------------
     0 | D:1      | issech the Troll Monk began the quest for the Orb.
     0 | D:1      | Reached XP level 1. HP: 22/22 MP: 0/0
    58 | D:1      | Found Suofupt's Weapon Shoppe.
   226 | D:1      | Found a faded altar of an unknown god.
   526 | D:1      | Reached XP level 2. HP: 27/29 MP: 1/1
  1150 | D:2      | Reached XP level 3. HP: 36/36 MP: 2/2
  1167 | D:2      | Noticed Terence
  1172 | D:2      | Killed Terence
  1305 | D:2      | Noticed Robin
  1360 | D:2      | Reached skill level 1 in Staves
  1364 | D:2      | Killed Robin
  1365 | D:2      | Reached XP level 4. HP: 44/45 MP: 3/3
  1642 | D:3      | Found a sparkling altar of Nemelex Xobeh.
  1765 | D:3      | Identified the +5 robe "Anuxetox" {rN+}
  2084 | D:3      | Reached XP level 5. HP: 53/53 MP: 4/4
  2090 | D:3      | Reached skill level 2 in Staves
  2677 | D:4      | Noticed a black bear
  2688 | D:4      | Killed a black bear
  2689 | D:4      | Reached skill level 3 in Staves
  2689 | D:4      | Reached XP level 6. HP: 45/61 MP: 5/5
  3187 | D:5      | Entered Level 5 of the Dungeon
  3187 | D:5      | Noticed a sky beast
  3198 | D:5      | Killed a sky beast
  3199 | D:5      | Reached XP level 7. HP: 66/67 MP: 6/6
  3220 | D:5      | Reached skill level 4 in Staves
  3226 | D:5      | Found a staircase to the Ecumenical Temple.
  3276 | Temple   | Entered the Ecumenical Temple
  3299 | Temple   | Became a worshipper of Hepliaklqana the Forgotten
  3299 | Temple   | Reached * piety under Hepliaklqana
  3299 | Temple   | Reached ** piety under Hepliaklqana
  3300 | Temple   | Remembered your ancestor Aula as a battlemage
  3603 | D:5      | Reached skill level 5 in Staves
  3748 | D:5      | Identified the +3 spear "Toruff" {pain, Str+3 Dex+7}
  3774 | D:5      | Reached XP level 8. HP: 70/70 MP: 7/7
  4106 | D:6      | Found Hukuts's Book Boutique.
  4109 | D:6      | Found a hazy altar of Hepliaklqana.
  4120 | D:6      | Reached skill level 6 in Staves
  4681 | D:6      | Found a shimmering blue altar of Sif Muna.
  4687 | D:6      | Found a glowing silver altar of Zin.
  4731 | D:6      | Reached skill level 7 in Staves
  4731 | D:6      | Reached XP level 9. HP: 75/78 MP: 8/8
  4759 | D:6      | Reached *** piety under Hepliaklqana
  4881 | D:6      | Found Mexkestin's Antique Weapon Boutique.
  5433 | D:7      | Reached skill level 5 in Fighting
  5603 | D:7      | Found a broken altar of Ashenzari.
  5752 | D:7      | Reached skill level 5 in Dodging
  6098 | D:8      | Reached skill level 8 in Staves
  6118 | D:8      | Found a transporter.
  6166 | D:8      | Noticed a kobold demonologist
  6234 | D:8      | Found a transporter.
  6238 | D:8      | Noticed a kobold demonologist
  6424 | D:8      | Paralysed by a hornet for 2 turns
  6503 | D:8      | Reached **** piety under Hepliaklqana
  6638 | D:8      | Noticed a troll
  6645 | D:8      | Killed a troll
  7264 | D:8      | Noticed an orange demon
  7269 | D:8      | Noticed a soul eater
  7270 | D:8      | Noticed a rust devil
  7301 | D:8      | Noticed an ice devil
  7306 | D:8      | Noticed a red devil
  7657 | D:9      | Reached XP level 10. HP: 66/84 MP: 9/9
  7800 | D:9      | Noticed a deep elf pyromancer
  7806 | D:9      | Killed a deep elf pyromancer
  7809 | D:9      | Found a blossoming altar of Fedhas.
  8028 | D:9      | Reached skill level 9 in Staves
  8050 | D:9      | Found a flagged portal.
  8059 | Bailey   | Entered a bailey
  8220 | Bailey   | Reached ***** piety under Hepliaklqana
  8232 | Bailey   | HP: 4/88 [orc warrior/bolt (15)]
  8233 | Bailey   | Shot with a bolt by an orc warrior

Illustrated notes

Levels and vault maps discovered:
D:1:      co_arrival_two_rings, layout_basic,
          shapermc_ecumenical_altar_mp_ritualfount, serial_bayou,
          serial_bayou_lagoon_a, serial_bayou_pond_a, serial_bayou_pond_e,
          serial_bayou_shore_a, serial_bayou_pond_c, serial_bayou_shore_b,
          serial_shops, shop, amcnicky_mini_pool_small
D:2:      layout_basic, kennysheep_generic_room_14, uniq_terence, uniq_robin
D:3:      layout_loops_corners, amcnicky_altar_gilded, minmay_fountain_box
D:4:      layout_cave_pools, kennysheep_minor_cross
D:5:      layout_basic, minmay_temple_entry_glass
D:6:      layout_basic, grunt_temple_overflow_open, serial_shops, shop,
          kennysheep_mini, grunt_decor_cap, minmay_ruined_shrine
D:7:      layout_basic, ashenzari_conservatory_becter
D:8:      gammafunk_wand_slinger, layout_basic
D:9:      layout_basic, nicolae_overflow_hidden_temple, enter_bailey_3,
          minivault_20, grunt_ministairs_9, roderic_serpentine_path,
          chequers_serial_rivers_micro_e
Temple:   eino_temple_scatter_basement
Bailey:   bailey_polearm_2, bailey

Skill      XL: |  1  2  3  4  5  6  7  8  9 10 |
---------------+-------------------------------+-----
Maces & Flails | 3 |  3.2
Staves         | 1 3 5 7 8 9 |  9.1
Fighting       | 3 4 5 6 |  6.2
Dodging        | 3 4 5 |  5.8
Stealth        | 2 3 |  3.7

Action                   |  1- 3 |  4- 6 |  7- 9 | 10-12 || total
-------------------------+-------+-------+-------+-------++-------
Melee: Mace              |    22 |       |       |       ||    22
       Quarterstaff      |    57 |    68 |   207 |    42 ||   374
Invok: Ancestor Life: Ba |       |       |     1 |       ||     1
       Recall Ancestor   |       |       |     1 |       ||     1
  Use: Scroll            |       |     3 |     6 |     1 ||    10
 Stab: Sleeping          |       |     1 |     3 |       ||     4
       Distracted        |       |       |     3 |       ||     3
Armor: Robe              |    30 |    42 |    75 |    28 ||   175
Dodge: Dodged            |    32 |    37 |   107 |    66 ||   242
